 Dungeon Crawl Stone Soup version 0.29.1-2-gbd0b4ee654 (webtiles) character file.

Game seed: 4211421137822654767

45 itabs500 the Shield-Bearer (level 3, 0/30 HPs)
             Began as a Formicid Fighter on Oct 30, 2022.
             Succumbed to a goblin's poison
             ... on level 2 of the Dungeon.
             The game lasted 00:01:24 (1393 turns).

itabs500 the Shield-Bearer (Formicid Fighter)       Turns: 1393, Time: 00:01:25

Health: 0/30       AC:  9    Str: 20    XL:     3   Next: 90%
Magic:  3/3        EV:  9    Int:  7    God:
Gold:   86         SH:  5    Dex: 15    Spells: 2/2 levels left

rFire   . . .      SeeInvis +   a - +0 long sword
rCold   . . .      Faith    .   c - +0 buckler
rNeg    . . .      Spirit   .   b - +0 scale mail
rPois   .          Reflect  .   (helmet unavailable)
rElec   .          Harm     .   h - +0 cloak
rCorr   .          Rampage  .   (no gloves)
Will    .....                   i - +0 pair of boots
Stlth   ..........              (no amulet)
HPRegen 0.10/turn               (no ring)
MPRegen 0.08/turn               (no ring)

@: mighty, lethally poisoned (0 -> -28), invisible
A: permanent stasis, dig shafts and tunnels, antennae 3, four strong arms
a: Dig, Shaft Self


You were on level 2 of the Dungeon.
You visited 1 branch of the dungeon, and saw 2 of its levels.

You collected 86 gold pieces.

Inventory:

Hand Weapons
 a - a +0 long sword (weapon)
Armour
 b - a +0 scale mail (worn)
 c - a +0 buckler (worn)
 h - a +0 cloak (worn)
 i - a +0 pair of boots (worn)
Scrolls
 e - 2 scrolls of identify {unknown}
 g - a scroll of amnesia {unknown}
 j - a scroll of magic mapping {unknown}
Potions
 k - a potion of magic {unknown}


   Skills:
 + Level 3.8 Fighting
 + Level 2.6 Long Blades
 + Level 3.7 Armour
 + Level 4.5 Shields


You had 2 spell levels left.
You didn't know any spells.
Your spell library contained the following spells:

 Spells                   Type           Power      Damage    Failure   Level
 Necrotise                Necr           0%         1d4       85%         1
 Ignite Poison            Fire/Tmut/Pois 0%         N/A       99%         3
 Portal Projectile        Hex/Tloc       0%         N/A       99%         3
 Vampiric Draining        Necr           0%         2d6       99%         3
 Animate Dead             Necr           0%         N/A       100%        4
 Iskenderun's Mystic Bla  Conj/Tloc      0%         2d3       100%        4
 Agony                    Necr           0%         N/A       100%        5
 Haunt                    Necr/Summ      0%         N/A       100%        7
 Infestation              Necr           0%         N/A       100%        8


Dungeon Overview and Level Annotations

Branches:
Dungeon (2/15)

Altars:


Innate Abilities, Weirdness & Mutations

You cannot be hasted, slowed, berserked, paralysed or teleported.
You can dig through walls and to a lower floor.
You have a pair of large antennae on your head. (SInv)
Your four strong arms can wield two-handed weapons with a shield.


Message History

The goblin hits you with a +1 dagger of venom.
The goblin hits you but does no damage. You block the goblin's attack.
You hit the goblin.
You kill the goblin!
You block the goblin's attack. The goblin barely misses you.
The goblin closely misses you. The goblin barely misses you.
You barely miss the goblin. The goblin barely misses you.
The goblin hits you with a +1 dagger of venom.
You are poisoned.
The goblin barely misses you.
You barely miss the goblin.
You feel very sick. The goblin hits you with a +0 dagger.
You block the goblin's attack. The goblin hits you with a +0 dagger.
You completely miss the goblin.
You feel sick. You block the goblin's attack.
The goblin hits you but does no damage. The goblin barely misses you.
You are too injured to fight recklessly!
You are too injured to fight recklessly!
You are too injured to fight recklessly!
You are too injured to fight recklessly!
You are too injured to fight recklessly!
The goblin attacks as you move away! The goblin hits you but does no damage.
You feel sick. The goblin closely misses you. The goblin barely misses you.
The goblin attacks as you move away! The goblin hits you but does no damage.
You feel sick.
There is an open door here.
You are too injured to fight recklessly!
You barely miss the goblin.
You feel sick.
The goblin hits you with a +1 dagger of venom.
You are lethally poisoned!
The goblin hits you but does no damage.
You are more poisoned.
You feel very mighty all of a sudden.
* * * LOW HITPOINT WARNING * * *
You feel very sick. The goblin hits you but does no damage.
You are more poisoned.
It was a potion of invisibility.
You fade into invisibility!
You die...

#.#.###...........# #
#.#.....#####.....######
{
#.###............#.....##
#............####..###..#
#####........####.##
##.### #........##...#
.#...## #........#..###
'####..#
#........#.##g#g..# ##.#
#..........@gggg..+ #.#
#........#.##g#g..# ##.#
#........#..### '####..#
#........##...# .#...##
#############.## ##.###
#..###..# ##.....##
#######


You could see 3 hobgoblins and 5 goblins.

Vanquished Creatures
  An adder (D:2)
  3 ball pythons
  3 endoplasms (D:1)
  3 giant cockroaches
  4 goblins
  2 hobgoblins (D:2)
  3 kobolds (D:1)
  A quokka (D:2)
  7 bats
  2 frilled lizards
  2 rats
31 creatures vanquished.

Notes
Turn   | Place    | Note
-------+----------+-------------------------------------------
     0 | D:1      | itabs500 the Formicid Fighter began the quest for the Orb.
     0 | D:1      | Reached XP level 1. HP: 18/18 MP: 1/1
    23 | D:1      | Got Sif Muna's Directory of Topological Toxins
   309 | D:1      | Reached XP level 2. HP: 24/24 MP: 2/2
  1036 | D:2      | Reached XP level 3. HP: 23/29 MP: 3/3
  1393 | D:2      | Succumbed to a goblin's poison

Illustrated notes

Levels and vault maps discovered:
D:1:      psy_arrival_dodecagon, layout_basic
D:2:      cheibrodos_greedy_goblins, layout_basic, minmay_misc_feat_enclosed,
          minmay_strange_pillars, minmay_close_crescents, uniq_terence

Action                   || total
-------------------------++-------
Melee: Long sword        ||    81
 Abil: Dig               ||     2
  Use: Potion            ||     2
Armor: Scale mail        ||    46
Dodge: Dodged            ||    49
Block: Buckler           ||    19
